 Dungeon Crawl Stone Soup version 0.30-a0-778-g2ef04afb54 (webtiles) character file.

Game seed: 6127357715259035568

56393 mistaj the Cleaver (level 14, -7/82 HPs)
             Began as a Vine Stalker Fighter on Feb 16, 2023.
             Was the Champion of Okawaru.
             Killed from afar by Azrael (16 damage)
             ... with a bolt of fire
             ... on level 2 of the Orcish Mines.
             The game lasted 00:34:45 (15807 turns).

mistaj the Cleaver (Vine Stalker Fighter)          Turns: 15807, Time: 00:34:45

Health: -7/82      AC: 27    Str: 23    XL:     14   Next: 81%
Magic:  0/11       EV: 10    Int:  8    God:    Okawaru [******]
Gold:   1415       SH: 21    Dex: 15    Spells: 26/26 levels left

rFire   . . .      SeeInvis .    C - +0 broad axe (antimagic)
rCold   . . .      Faith    .    k - +3 tower shield {reflect}
rNeg    . . .      Spirit   +    e - +18 Lear's hauberk
rPois   .          Reflect  +    (helmet currently unavailable)
rElec   .          Harm     .    H - +0 cloak
rCorr   .          Rampage  .    (gloves currently unavailable)
Will    +....                    (boots currently unavailable) Stlth
                                 (no amulet)
HPRegen 1.13/turn                c - +5 ring of evasion
MPRegen 0.12/turn                A - ring of magical power

@: studying Long Blades
A: fangs 3, regeneration 1, magic shield, antimagic bite, no potion heal 2
a: Renounce Religion, Heroism, Finesse, Duel


You were on level 2 of the Orcish Mines.
You worshipped Okawaru.
Okawaru was exalted by your worship.
You visited 4 branches of the dungeon, and saw 21 of its levels.

You collected 1415 gold pieces.

Inventory:

Hand Weapons
 m - a +2 war axe of freezing
 C - a +0 antimagic broad axe (weapon)
 R - a +4 broad axe of chaos
Missiles
 t - a throwing net (quivered)
 M - 2 javelins
Armour
 e - the +18 Lear's hauberk (worn)
   (You found it on level 2 of the Dungeon)
 g - a +2 pair of boots
 k - a +3 tower shield of reflection (worn)
 o - a +0 helmet
 s - a +0 pair of gloves
 u - the +6 scale mail of Chill Winds {rPois Will+ Dex+3}
   (You found it on level 4 of the Dungeon)

   Dex:       It affects your dexterity (+3).
   rPois:     It protects you from poison.
   Will:      It increases your willpower.
 x - the +7 plate armour "Iphelan" {+Inv rF++ Dex-2}
   (Okawaru gifted it to you on level 3 of the Lair of Beasts)

   Dex:       It affects your dexterity (-2).
   rF:        It greatly protects you from fire.
   +Inv:      It lets you turn invisible.
 H - a +0 cloak (worn)
Jewellery
 c - a +5 ring of evasion (left hand)
 A - a ring of magical power (right hand)
 I - a ring of ice
 Q - a ring of poison resistance
Wands
 a - a wand of digging (1)
 v - a wand of polymorph (1)
 y - a wand of mindburst (16)
 E - a wand of roots (27)
Scrolls
 b - 3 scrolls of vulnerability
 f - 5 scrolls of identify
 i - 4 scrolls of immolation
 j - 6 scrolls of teleportation
 w - 2 scrolls of amnesia
 B - 3 scrolls of fog
 K - 2 scrolls of silence
Potions
 d - 8 potions of might
 h - 2 potions of flight
 l - 5 potions of haste
 n - a potion of mutation
 p - 8 potions of curing
 q - 2 potions of lignification
 r - 6 potions of brilliance
 z - a potion of berserk rage
 D - 2 potions of invisibility
 J - 2 potions of ambrosia
 N - 2 potions of attraction
 P - 2 potions of magic


   Skills:
 + Level 13.1 Fighting
 + Level 14.2 Axes
 - Level 2.4 Armour
 + Level 13.0 Shields
 - Level 6.6 Spellcasting


You had 26 spell levels left.
You didn't know any spells.
Your spell library contained the following spells:

 Spells                   Type           Power      Damage    Failure   Level
 Magic Dart               Conj           8%         1d3       100%        1
 Cigotuvi's Dreadful Rot  Necr/Pois/Air  4%         N/A       100%        2
 Poisonous Vapours        Pois/Air       4%         N/A       100%        2
 Scorch                   Fire           4%         2d5       100%        2
 Searing Ray              Conj           4%         2d4       100%        2
 Sublimation of Blood     Necr           2%         N/A       100%        2
 Wereblood                Tmut           2%         N/A       100%        2
 Hailstorm                Conj/Ice       2%         3d3       100%        3
 Mephitic Cloud           Conj/Pois/Air  2%         N/A       100%        3
 Flame Wave               Conj/Fire      2%         2d4       100%        4
 Fulminant Prism          Conj/Hex       1%         3d5       100%        4
 Ice Form                 Ice/Tmut       2%         N/A       100%        4
 Manifold Assault         Tloc           2%         N/A       100%        4
 Dispersal                Tloc           1%         N/A       100%        6
 Disjunction              Tloc           1%         N/A       100%        8
 Simulacrum               Ice/Necr       Unusable   N/A       N/A         6
 Summon Cactus Giant      Summ           Unusable   N/A       N/A         6
 Summon Hydra             Summ           Unusable   N/A       N/A         7

Dungeon Overview and Level Annotations

Branches:
Dungeon (13/15)            Temple (1/1) D:4            Lair (5/5) D:9
  Swamp (0/4) Lair:2        Snake (0/4) Lair:3        Slime (0/5) Lair:5
    Orc (2/2) D:9
    Elf: Orc:2       Vaults: D:13-14

Altars:
Ashenzari
Cheibriados
Dithmenos
Elyvilon
Fedhas
Gozag
Hepliaklqana
Kikubaaqudgha
Makhleb
Nemelex Xobeh
Okawaru
Qazlal
Ru
Sif Muna
Trog
Uskayaw
Vehumet
Wu Jian
Xom
Yredelemnul
Zin
The Shining One

Shops:
D:5 ?   Orc:1 :   Orc:2 (:?*

Annotations:
D:3 2 transporters, AzureAlchemist's ghost, amateur OpEE
D:4 2 runed translucent doors
Lair:1 1 transporter, Dittersdorf's ghost, journeyman GrFi
Orc:2 Azrael


Innate Abilities, Weirdness & Mutations

You have razor-sharp teeth.
Your natural rate of healing is unusually fast.
When hurt, damage is shared between your health and your magic reserves.
Your bite disrupts and absorbs the magic of your enemies.
Potions cannot restore your health.


Message History

A fire elemental comes into view.
An ogre comes into view. It is wielding a +0 giant club.
An ogre mage comes into view. It is wielding a +0 flail.
The ogre shouts!
Azrael gestures at you.
The fireball explodes!
The fireball engulfs you but does no damage.
A fire elemental comes into view.
You hear a shout! x2
The hell hound breathes flames at you.
The blast of flame hits you but does no damage.
Azrael gestures at you. The bolt of fire hits you!!!
Ouch! That really hurt!
* * * LOW HITPOINT WARNING * * *
Azrael blows smoke rings.
You see here a +0 giant club.
There is an entrance to Jukesat's Weapon Emporium here.
The hell hound breathes flames at you.
The blast of flame hits the hell hound.
The hell hound completely resists.
The blast of flame hits you but does no damage.
The hell hound breathes flames at you.
The blast of flame hits the hell hound.
The hell hound completely resists.
The blast of flame hits the hell hound.
The hell hound completely resists.
The blast of flame hits you!
* * * LOW HITPOINT WARNING * * *
The hell hound breathes flames at you. The blast of flame hits you!
* * * LOW HITPOINT WARNING * * *
The hell hound closely misses you.
You hear a shout!
The hell hound attacks as you move away!
You block the hell hound's attack. You block the hell hound's attack.
Azrael gestures at you.
The bolt of fire hits the fire elemental.
The fire elemental completely resists.
The bolt of fire hits the hell hound.
The hell hound completely resists.
The bolt of fire misses the hell hound.
The bolt of fire hits you!!
You die...

.......))°..........
.......o○○°.O.∩.....
.##...○∩☼☼.........
#..R.°E.........∩
##.E○............
#.hh............
####..O...........
##.#.hh..∩........
##....@...........
#........##.......
####........#.#.#.#.#
##.###....))....#..##.##
#...##....).)..........#
##.#.##.........#..##.##
#.....#.......#........##
##...............(((....#.
###............(((((.....


You could see Azrael, an ogre mage, 2 fire elementals, 4 hell hounds, an ogre
and an orc wizard.

Vanquished Creatures
  Gastronok (Lair:1)
  An orc warlord (D:9)
  A hydra (Lair:4)
  An ogre mage (Orc:2)
  9 two-headed ogres
  5 death yaks
  3 orc high priests
  Urug (Orc:2)
  2 deep trolls (Orc:1)
  A skyshark (Lair:4)
  2 bog bodies (Lair:2)
  Pikel (D:7)
  2 cyclopes (Orc:2)
  The ghost of NinjaNoafa the Summoner, a novice FeSu of Gozag (D:9)
  Joseph (D:7)
  9 elephants
  4 black mambas
  An eye of devastation (Lair:5)
  A torpor snail (Lair:4)
  An unseen horror (D:11)
  9 cane toads
  2 rime drakes (Lair:1)
  2 kobold demonologists (D:10)
  7 komodo dragons
  8 trolls
  2 hornets
  Prince Ribbit (D:7)
  8 dream sheep (Lair:4)
  20 blink frogs
  2 wyverns
  A wraith (D:10)
  A basilisk (Lair:2)
  40 yaks
  2 steam dragons
  3 vampire mosquitoes (D:11)
  3 nagas (Lair:3)
  9 water moccasins
  7 wargs
  An acid dragon (D:11)
  A floating eye (Lair:4)
  Duvessa (D:4)
  20 orc warriors
  An ice beast (D:5)
  A sky beast (D:6)
  2 black bears
  24 wolves
  21 ogres
  9 centaurs
  5 kobold brigands
  A phantom (D:6)
  13 bullfrogs
  2 necrophages (D:7)
  3 gnoll sergeants
  3 scorpions
  Dowan (D:4)
  3 wights (D:6)
  15 killer bees
  An electric eel (Lair:2)
  5 howler monkeys
  7 jellies
  A gnoll bouda (D:5)
  10 orc priests
  8 hounds
  6 iguanas
  13 orc wizards
  17 gnolls
  16 adders
  A shadow imp (D:6)
  3 white imps
  3 ufetubi
  3 worms
  4 dart slugs
  81 orcs
  12 ball pythons
  6 bats
  9 endoplasms
  A giant cockroach (D:1)
  9 goblins
  12 hobgoblins
  8 jackals
  32 kobolds
  3 frilled lizards
  5 rats
578 creatures vanquished.

Vanquished Creatures (others)
  14 fungi
  58 plants
72 creatures vanquished.

Grand Total: 650 creatures vanquished

Notes
Turn   | Place    | Note
-------+----------+-------------------------------------------
     0 | D:1      | mistaj the Vine Stalker Fighter began the quest for the
                  | Orb.
     0 | D:1      | Reached XP level 1. HP: 11/11 MP: 2/2
    92 | D:1      | Reached skill level 2 in Axes
    92 | D:1      | Reached XP level 2. HP: 13/16 MP: 1/3
   256 | D:1      | Reached XP level 3. HP: 17/19 MP: 2/4
   296 | D:1      | Found a faded altar of an unknown god.
   983 | D:2      | Found the +18 Lear's hauberk
  1080 | D:2      | Gained mutation: Your natural rate of healing is unusually
                  | fast. [Vine Stalker growth]
  1080 | D:2      | Reached XP level 4. HP: 24/24 MP: 5/5
  1540 | D:2      | Reached skill level 3 in Axes
  1622 | D:2      | Reached XP level 5. HP: 28/28 MP: 6/6
  1848 | D:3      | Found a transporter.
  1851 | D:3      | Noticed AzureAlchemist's ghost (amateur OpEE)
  2114 | D:3      | Found a transporter.
  2252 | D:4      | Reached XP level 6. HP: 19/32 MP: 4/7
  2480 | D:4      | Reached skill level 4 in Axes
  2531 | D:4      | Found a large runed translucent door.
  2532 | D:4      | Found a large runed translucent door.
  2538 | D:4      | Found a large runed translucent door.
  2538 | D:4      | Found a large runed translucent door.
  2584 | D:4      | Identified the +6 scale mail of Chill Winds {rPois Will+
                  | Dex+3}
  2682 | D:4      | Noticed Dowan
  2682 | D:4      | Noticed Duvessa
  2729 | D:4      | Killed Duvessa
  2730 | D:4      | Reached skill level 5 in Shields
  2730 | D:4      | Reached XP level 7. HP: 23/37 MP: 4/8
  2730 | D:4      | Killed Dowan
  2854 | D:4      | Found a staircase to the Ecumenical Temple.
  2869 | Temple   | Entered the Ecumenical Temple
  2891 | Temple   | Became a worshipper of Warmaster Okawaru
  3033 | D:4      | Reached skill level 5 in Axes
  3246 | D:5      | Entered Level 5 of the Dungeon
  3294 | D:5      | Gained mutation: You have razor-sharp teeth. [Vine Stalker
                  | growth]
  3294 | D:5      | Reached XP level 8. HP: 42/42 MP: 9/9
  3429 | D:5      | Found a hide-covered altar of Uskayaw.
  3472 | D:5      | Found a snail-covered altar of Cheibriados.
  3571 | D:5      | Reached * piety under Okawaru
  3572 | D:5      | Reached skill level 6 in Axes
  3585 | D:5      | Reached skill level 5 in Fighting
  3751 | D:5      | Found The Oracle's Delphic Readings.
  3780 | D:5      | Found an ancient bone altar of Kikubaaqudgha.
  3784 | D:5      | Found a burning altar of Makhleb.
  3909 | D:6      | Noticed an air elemental
  3911 | D:6      | Found a stormy altar of Qazlal.
  3915 | D:6      | Noticed a water elemental
  3977 | D:6      | Reached XP level 9. HP: 47/47 MP: 7/10
  4054 | D:6      | Reached ** piety under Okawaru
  4115 | D:6      | Reached skill level 7 in Axes
  4938 | D:7      | Found a shadowy altar of Dithmenos.
  5002 | D:7      | Reached *** piety under Okawaru
  5194 | D:7      | Noticed Joseph
  5208 | D:7      | Killed Joseph
  5209 | D:7      | Reached skill level 8 in Axes
  5299 | D:7      | Found a sparkling altar of Nemelex Xobeh.
  5299 | D:7      | Noticed Pikel
  5311 | D:7      | Killed Pikel
  5311 | D:7      | Reached **** piety under Okawaru
  5312 | D:7      | Reached XP level 10. HP: 53/53 MP: 11/11
  5552 | D:7      | Noticed Prince Ribbit
  5570 | D:7      | Killed Prince Ribbit
  5730 | D:7      | Reached skill level 1 in Spellcasting
  5856 | D:8      | Found a hazy altar of Hepliaklqana.
  5895 | D:7      | Reached skill level 9 in Axes
  6146 | D:8      | Reached ***** piety under Okawaru
  6459 | D:9      | Found a staircase to the Orcish Mines.
  6556 | D:9      | Found a shimmering altar of Xom.
  6586 | D:9      | Found a staircase to the Lair.
  6615 | D:9      | Found a sacrificial altar of Ru.
  6749 | D:9      | Found a runed translucent door.
  6751 | D:9      | Noticed NinjaNoafa's ghost (novice FeSu)
  6765 | D:9      | Reached XP level 11. HP: 59/59 MP: 17/17
  6922 | D:9      | Received a gift from Okawaru
  7506 | D:9      | Killed NinjaNoafa's ghost
  7543 | D:10     | Entered Level 10 of the Dungeon
  7620 | D:10     | Reached skill level 10 in Axes
  7647 | D:10     | Reached skill level 5 in Spellcasting
  7854 | D:10     | Reached ****** piety under Okawaru
  8277 | D:10     | Paralysed by a hornet for 2 turns
  8449 | D:10     | Found the +3 warlock's mirror {omnireflect}
  8515 | D:10     | You fall into a shaft and drop 3 floors!
  8528 | D:13     | Noticed a centaur warrior
  8532 | D:12     | Noticed a deep elf pyromancer
  8548 | D:11     | Noticed a two-headed ogre
  8571 | D:11     | Received a gift from Okawaru
  8580 | D:11     | Killed a two-headed ogre
  8989 | D:11     | Identified a scroll of acquirement
  8989 | D:11     | Acquired a +2 tower shield of reflection
  9517 | Lair:1   | Entered Level 1 of the Lair of Beasts
  9527 | Lair:1   | Reached XP level 12. HP: 58/66 MP: 18/22
  9645 | Lair:1   | Found a transporter.
  9713 | Lair:1   | Reached skill level 11 in Axes
  9871 | Lair:1   | Noticed Gastronok
  9893 | Lair:1   | Killed Gastronok
 10120 | Lair:1   | Noticed Dittersdorf's ghost (journeyman GrFi)
 10398 | Lair:2   | Received a gift from Okawaru
 10417 | Lair:2   | Reached skill level 10 in Fighting
 10838 | Lair:2   | Reached skill level 10 in Shields
 11190 | Lair:2   | Found a staircase to the Swamp.
 11202 | Lair:2   | Received a gift from Okawaru
 11822 | Lair:3   | Reached skill level 12 in Axes
 11875 | Lair:3   | Reached XP level 13. HP: 72/72 MP: 23/23
 12377 | Lair:3   | Found a staircase to the Snake Pit.
 12524 | Lair:3   | Identified the +7 plate armour "Iphelan" {+Inv rF++ Dex-2}
                  | (Okawaru gifted it to you on level 3 of the Lair of Beasts)
 12524 | Lair:3   | Received a gift from Okawaru
 13371 | Lair:4   | Reached skill level 13 in Axes
 13423 | Lair:4   | You fall into a shaft and drop 1 floor!
 13423 | Lair:5   | Entered Level 5 of the Lair of Beasts
 13933 | Lair:5   | Reached XP level 14. HP: 52/80 MP: 20/24
 14004 | Lair:5   | Paralysed by a floating eye for 4 turns
 14113 | Lair:5   | Found a staircase to the Slime Pits.
 14466 | Orc:1    | Entered Level 1 of the Orcish Mines
 14521 | D:9      | Identified the +5 great sword "Fusali" {heavy, rN+}
                  | (Okawaru gifted it to you on level 9 of the Dungeon)
 14521 | D:9      | Received a gift from Okawaru
 14706 | Orc:1    | Noticed an orc warlord
 14803 | D:9      | Killed an orc warlord
 14901 | Orc:1    | Found Qasaguj's Vocational Training.
 15121 | Orc:2    | Entered Level 2 of the Orcish Mines
 15456 | Orc:1    | Received a gift from Okawaru
 15511 | Orc:1    | Reached skill level 14 in Axes
 15705 | Orc:2    | Found Opryf's Book Shoppe.
 15764 | Orc:2    | Found Jukesat's Weapon Emporium.
 15765 | Orc:2    | Found Rereockou's Magic Scroll Shop.
 15772 | Orc:2    | Noticed Urug
 15791 | Orc:2    | Killed Urug
 15793 | Orc:2    | Noticed Azrael
 15797 | Orc:2    | Found Teynaep's General Store.
 15807 | Orc:2    | Killed from afar by Azrael

Illustrated notes

Levels and vault maps discovered:
D:1:      saegor_arrival_miasma, layout_basic,
          shapermc_ecumenical_altar_pompeii, nicolae_wormholes
D:2:      layout_loops_ring, serial_forest, infiniplex_forest_pool,
          infiniplex_forest_straight_2, infiniplex_forest_lined_1,
          infiniplex_forest_zigzag_1, infiniplex_forest_straight_2,
          kennysheep_another_room, minmay_snake_closets
D:3:      corexii_shack_village, layout_rooms, gammafunk_ghost_mausoleum
D:4:      layout_loops_ring, temple_fountains, minmay_misc_feat_tiny,
          grunt_ministairs_6, minmay_hollow_rounded_squares, uniq_duvessa
D:5:      layout_rooms, kennysheep_slug_shrine,
          nicolae_uskayaw_murder_on_the_dancefloor,
          mainiacjoe_overflow_catwalk_spiral, st_stairs_7,
          corexii_leaking_fountain, nicolae_nh_oracle_at_delphi
D:6:      layout_basic, nicolae_qazlal_style_of_elements
D:7:      layout_gridville, nemelex_dance_club_becter, grunt_dithmenos_smoke,
          minmay_manual_monolith, uniq_prince_ribbit1, uniq_joseph, uniq_pikel
D:8:      layout_gridville, amcnicky_altar_gilded
D:9:      layout_roguey, nicolae_ru_sacrificial_ziggurat, lemuel_round_altar,
          lair_entry_dummy, hiddenorc2_lemuel, hellmonk_ghost_happy_afterlife,
          kennysheep_generic_room_14
D:10:     argonaut_augean_stables, layout_basic, hex_tiny,
          chequers_serial_rivers_small_a
D:11:     minmay_evil_eye, layout_irregular_city, kennysheep_small_spiral,
          kennysheep_generic_room_5
D:12:     layout_loops_ring, uniq_josephine
D:13:     layout_irregular_city, serial_shops, shop, shop,
          nicolae_shop_behind_doors, kennysheep_mini_moat,
          portal_ice_cave_entry_pillars_2
Temple:   hellmonk_temple_two_chambers
Lair:1:   layout_chaotic_city, gammafunk_ghost_hive, uniq_gastronok
Lair:2:   layout_gridlike, skrybe_swamp_entry_bodies
Lair:3:   layout_regular_city, nicolae_snake_entry_squirm,
          infiniplex_staircase_pool, grunt_megastairs_3, lemuel_fruit_tree
Lair:4:   layout_gridlike, grunt_megastairs_1
Lair:5:   evil_forest, layout_cave_pods, minmay_slime_entry_eyes,
          chequers_serial_rivers_small_a, lemuel_fruit_fields
Orc:1:    layout_caves, nicolae_shop_vocational
Orc:2:    st_orc_open, layout_caves, minmay_shop_enchanted_jewellery,
          nicolae_orc_rockfall, uniq_urug, uniq_azrael

Skill      XL: |  1  2  3  4  5  6  7  8  9 10 11 12 13 14 |
---------------+-------------------------------------------+-----
Axes           | 2 3 4 5 6 8 9 10 12 13 14 | 14.2
Shields        | 3 4 5 7 8 9 10 12 13 | 13.0
Fighting       | 3 4 5 6 7 9 10 12 13 | 13.1
Spellcasting   | 3 6 |  6.6
Armour         | |  2.4

Action                     |  1- 3 |  4- 6 |  7- 9 | 10-12 | 13-15 || total
---------------------------+-------+-------+-------+-------+-------++-------
  Melee: War axe           |    88 |   194 |   281 |   641 |   541 ||  1745
         Bite              |    21 |    40 |    88 |   185 |   205 ||   539
         Broad axe         |       |       |       |   138 |    43 ||   181
    Use: Scroll            |     3 |     1 |     3 |    23 |     3 ||    33
 Armour: Scale mail        |     9 |       |       |       |       ||     9
         Chain mail        |    63 |   193 |   181 |   488 |   308 ||  1233
  Dodge: Dodged            |    37 |    75 |   112 |   379 |   216 ||   819
  Block: Buckler           |    22 |    46 |    42 |       |       ||   110
         Kite shield       |       |       |   108 |   453 |       ||   561
         Reflection        |       |       |     5 |    31 |    18 ||    54
         Tower shield      |       |       |       |   160 |   779 ||   939

Table legend: (Time is in decaauts)
 A = Elapsed time spent in this place.
 B = Non-inter-level travel time spent in this place.
 C = Inter-level travel time spent in this place.
 D = Time resting spent in this place.
 E = Time spent auto-exploring this place.
 F = Levels seen in this place.
 G = Mean time per level.
                   A        B        C        D        E       F      G
               +--------+--------+--------+--------+--------+-----+--------+
         Total |  16236 |  15392 |    844 |   2765 |   7603 |  21 |  773.1 |
       Dungeon |   9970 |   9426 |    544 |   1206 |   4958 |  13 |  766.9 |
        Temple |     26 |     23 |      3 |      0 |     12 |   1 |   26.0 |
          Lair |   5002 |   4726 |    276 |   1175 |   2353 |   5 | 1000.4 |
  Orcish Mines |   1236 |   1216 |     20 |    384 |    280 |   2 |  618.0 |
               +--------+--------+--------+--------+--------+-----+--------+

Top non-repeatable levels by time:
    D:10: 1564 daAuts
  Lair:2: 1522 daAuts
     D:9: 1445 daAuts
     D:7: 1168 daAuts
  Lair:4: 1163 daAuts
  Lair:3: 1137 daAuts
     D:4: 1068 daAuts
     D:2: 985 daAuts
     D:6: 976 daAuts
  Lair:1: 904 daAuts
   Orc:1: 862 daAuts
     D:1: 851 daAuts
     D:5: 638 daAuts
     D:8: 463 daAuts
     D:3: 436 daAuts
